Map: Acid Plant LE

Players

PengWin - Winner!

  • Race: Zerg Zerg
  • Spawn Location: 5:00

eonblu

  • Race: Zerg Zerg
  • Spawn Location: 11:00

Event: WCS Montreal 2018

VOD

Have the link to the VOD?

Description

Time

  • Played on: Sept. 7, 2018, 12:58 p.m.
  • Length: 11:59

All games in this series

Show
View Real Time Build Order
Export as new Build Order

PengWin Zerg - Winner!

Build Orders: Hatch First 

Get SALT Encoding   

  12  0:01  Drone  
  13  0:12  Overlord  
  13  0:17  Drone  
  14  0:30  Drone x2  
  14  0:34  Drone  
  17  0:51  Hatchery  
  17  0:54  Drone  
  17  0:57  Drone  
  17  1:00  Extractor  
  17  1:13  Spawning Pool  
  17  1:16  Drone  
  17  1:20  Drone  
  18  1:28  Drone  
  19  1:38  Drone  
  20  1:49  Overlord  
  20  1:53  Evolution Chamber  
  19  1:59  Queen  
  21  2:01  Zergling x2  
  21  2:02  Queen  
  21  2:06  Drone  
  25  2:10  Drone  
  25  2:14  Drone  
  27  2:21  Zerg Ground Armor Level 1  
  27  2:25  Zergling x2  
  28  2:31  Zergling x2  
  28  2:34  Drone  
  30  2:39  Queen  
  30  2:42  Drone  
  33  2:50  Drone, Overlord  
  34  2:57  Metabolic Boost  
  34  3:01  Drone  
  34  3:02  Drone  
  36  3:07  Spine Crawler  
  35  3:13  Drone x3  
  35  3:15  Drone  
  39  3:20  Drone  
  39  3:24  Overlord  
  39  3:33  Spine Crawler  
  38  3:34  Drone x3  
  38  3:35  Drone  
  38  3:41  Overlord  
  42  3:42  Zergling x2  
  42  3:43  Zergling x2  
  42  3:47  Drone  
  42  3:48  Drone  
  46  3:49  Zergling x2  
  45  4:03  Zergling x2  
  45  4:04  Zergling x8  
  44  4:11  Queen  
  44  4:13  Zergling x8  
  46  4:27  Zerg Missile Weapons Level 1  
  45  4:33  Zergling x2  
  45  4:34  Zergling x10  
  45  4:37  Lair  
  51  4:41  Drone  
  51  4:44  Roach Warren  
  51  4:47  Drone x2  
  53  5:00  Extractor  
  53  5:03  Drone x2  
  53  5:04  Drone  
  54  5:11  Hatchery  
  52  5:18  Zergling x14  
  59  5:33  Overlord x2  
  59  5:34  Glial Reconstitution  
  59  5:42  Roach  
  57  5:43  Roach x2  
  58  5:50  Queen  
  58  5:52  Roach x2  
  62  5:58  Roach  
  62  5:59  Roach x3  
  62  6:13  Zergling x4  
  62  6:14  Zergling x6  
  63  6:23  Roach x2  
  67  6:27  Hatchery  
  67  6:32  Extractor  
  65  6:33  Roach x4  
  73  6:40  Roach  
  75  6:48  Overlord  
  75  6:58  Zerg Missile Weapons Level 2  
  75  7:01  Extractor  
  74  7:02  Drone  
  74  7:08  Drone x3  
  78  7:09  Drone x3  
  78  7:10  Overlord  
  78  7:14  Hatchery  
  80  7:21  Overlord x2  
  74  7:31  Roach x5  
  78  7:49  Hatchery  
  77  7:53  Roach x5  
  86  8:05  Roach x2  
  90  8:20  Queen  
  89  8:33  Roach x9  
  104  8:34  Queen  
  104  8:42  Roach x2  
  108  9:00  Ravager  
  108  9:01  Ravager x2  
  108  9:02  Roach  
  113  9:03  Overlord x2  
  113  9:04  Overlord x2  
  113  9:05  Drone  
  114  9:16  Zerg Ground Armor Level 2  
  114  9:21  Queen  
  116  9:25  Drone x6  
  122  9:46  Tunneling Claws  
  122  9:48  Burrow  
  122  9:50  Drone x6  
  122  9:51  Drone  
  129  10:02  Ravager  
  129  10:05  Ravager x4  
  136  10:07  Roach x5  
  144  10:17  Overlord  
  144  10:18  Roach  
  146  10:27  Spine Crawler  
  145  10:29  Spine Crawler  
  145  10:30  Overlord x2  
  144  10:39  Roach x5  
  154  10:48  Overlord x3  
  154  11:09  Drone x2  
  154  11:10  Drone x3  
  156  11:14  Roach x9  
  174  11:21  Roach x6  
Show
View Real Time Build Order
Export as new Build Order

eonblu Zerg 

Build Orders: Hatch First, Zergling Baneling 

Get SALT Encoding   

  12  0:00  Drone  
  13  0:12  Overlord  
  13  0:17  Drone  
  14  0:30  Drone x2  
  16  0:48  Hatchery  
  15  0:52  Drone  
  15  0:55  Drone  
  17  1:07  Extractor  
  17  1:11  Spawning Pool  
  15  1:14  Drone  
  15  1:17  Drone  
  17  1:20  Drone  
  18  1:31  Drone  
  19  1:39  Overlord  
  19  1:57  Queen  
  19  1:58  Zergling x2  
  19  2:00  Zergling x2, Queen  
  25  2:01  Zergling x2  
  25  2:07  Metabolic Boost  
  26  2:11  Drone  
  26  2:15  Drone  
  29  2:22  Drone  
  29  2:23  Drone  
  30  2:38  Hatchery  
  30  2:42  Drone  
  30  2:48  Baneling Nest  
  30  2:50  Overlord  
  29  2:53  Drone  
  29  2:56  Drone  
  31  3:00  Drone  
  32  3:09  Drone  
  32  3:11  Zergling x2  
  32  3:12  Zergling x6  
  37  3:16  Zergling x4  
  39  3:24  Zergling x6  
  41  3:33  Zergling x2  
  42  3:35  Baneling x4  
  42  3:43  Baneling  
  42  3:44  Zergling x2  
  42  3:46  Overlord  
  43  3:50  Drone  
  43  3:51  Drone  
  43  3:52  Drone  
  45  4:01  Drone x7  
  48  4:06  Drone  
  48  4:09  Drone  
  49  4:12  Drone  
  49  4:19  Zergling x8  
  49  4:23  Extractor  
  50  4:24  Extractor  
  50  4:25  Roach Warren  
  50  4:26  Zergling x6  
  50  4:29  Zergling x2  
  50  4:30  Zergling x2  
  49  4:33  Zergling x4  
  49  4:34  Zergling x2  
  53  4:40  Baneling x3  
  53  4:45  Baneling x2  
  53  4:46  Queen  
  53  4:48  Drone  
  53  4:49  Overlord  
  56  4:59  Baneling  
  56  5:02  Zergling x4  
  56  5:03  Overlord  
  57  5:12  Zergling x10  
  57  5:13  Zergling x6  
  65  5:26  Overlord x2  
  64  5:29  Baneling  
  64  5:30  Baneling x2  
  64  5:37  Roach  
  64  5:38  Roach x3  
  71  5:44  Overlord x2  
  69  5:54  Baneling  
  69  5:56  Roach x3  
  73  6:02  Zergling x8  
  73  6:03  Zergling x16  
  85  6:11  Zergling x6  
  77  6:18  Roach  
  77  6:19  Roach  
  79  6:25  Zergling x2  
  79  6:31  Zergling x6  
  83  6:34  Baneling  
  83  6:35  Baneling x2  
  83  6:48  Roach x7  
  94  7:02  Zergling x14  
  94  7:04  Baneling x4  
  94  7:08  Zergling x6  
  104  7:15  Zergling x4  
  106  7:18  Overlord x2  
  106  7:19  Overlord  
  94  7:31  Roach  
  94  7:32  Roach x5  
  96  7:40  Zergling x8  
  93  7:53  Roach x4  
  98  8:04  Overlord x2  
  96  8:06  Roach  
  96  8:07  Roach x2  
  98  8:16  Roach x2  
  100  8:20  Zergling x4  
  102  8:30  Roach x3  
  107  8:34  Zergling x14  
  107  8:39  Drone x2  
  113  8:46  Extractor, Drone x2, Evolution Chamber  
  113  8:47  Drone  
  114  8:50  Drone  
  114  8:53  Drone  
  114  8:54  Drone x6  
  122  8:55  Extractor  
  122  8:57  Drone  
  122  8:58  Extractor  
  122  8:59  Drone x2  
  122  9:01  Drone  
  125  9:10  Drone  
  125  9:11  Zerg Missile Weapons Level 1  
  125  9:13  Drone x2  
  127  9:19  Queen  
  127  9:20  Roach  
  131  9:27  Spine Crawler x2  
  131  9:28  Roach x2  
  133  9:34  Overlord  
  133  9:36  Spine Crawler  
  131  9:39  Spine Crawler, Roach  
  131  9:45  Ravager  
  133  9:47  Overlord  
  133  9:56  Lair  
  135  10:06  Overlord x2  
  135  10:07  Overlord  
  135  10:10  Drone  
  135  10:11  Drone x2  
  135  10:12  Drone  
  135  10:13  Extractor, Drone x3  
  141  10:14  Roach x3  
  141  10:15  Roach x2  
  141  10:18  Roach  
  141  10:19  Overlord  
  151  10:29  Overlord x2  
  151  10:34  Ravager x7  
  151  10:35  Ravager x3  
  161  10:37  Roach  
  161  10:38  Roach x3  
  168  10:53  Roach x7  
  180  11:10  Roach x7  
  190  11:13  Overseer x2  
  190  11:15  Overseer  
  188  11:31  Roach  
  188  11:32  Roach x5  
Tags
 
Add a new tag
Caveats
  • Supply blocks, unpowered buildings, or Contaminate may cause inaccurate times.
  • Supply counts are checked every 10 seconds.